3031 views
Uploaded 2020-02-13 18:13:07
Game version 1.32 / 1.32.1
16:13 long 4on4 ladder game on (8)GolemsInTheMist_LV
Saved by TALONSARIMBA
3031 views
Uploaded 2020-02-13 18:13:07
Game version 1.32 / 1.32.1
16:13 long 4on4 ladder game on (8)GolemsInTheMist_LV


125 units @ 16.3k
/ 2.1k
67 buildings @ 10.5k
/ 4.1k


| Wisp | 15 | 900 | / | 0 |
| Archer | 5 | 650 | / | 50 |
| Huntress | 9 | 1755 | / | 180 |
| Druid of the Claw | 2 | 510 | / | 160 |
| Mountain Giant | 1 | 350 | / | 100 |
| total: | 32 | 4165g | / | 490w |
| Ancient Protector | 1 | 135 | / | 80 |
| Altar of Elders | 1 | 180 | / | 50 |
| Moon Well | 6 | 1080 | / | 240 |
| Ancient of War | 2 | 300 | / | 120 |
| Hunter's Hall | 1 | 210 | / | 100 |
| Ancient of Wonders | 1 | 90 | / | 30 |
| Tree of Life | 1 | 340 | / | 185 |
| Ancient of Lore | 1 | 155 | / | 145 |
| Tree of Ages | 1 | 320 | / | 180 |
| Tree of Eternity | 1 | 330 | / | 200 |
| total: | 14 | 2490g | / | 950w |
| 0:02 | Wisp |
| 0:02 | Wisp |
| 0:02 | Wisp |
| 0:05 | Altar of Elders |
| 0:09 | Moon Well |
| 0:38 | Wisp |
| 1:01 | Ancient of War |
| 1:05 | Wisp |
| 1:13 | Wisp |
| 1:23 | Moon Well |
| 1:36 | Wisp |
| 1:50 | Wisp |
| 2:05 | Wisp |
| 2:08 | Force of Nature |
| 2:10 | Archer |
| 2:30 | Hunter's Hall |
| 2:32 | Archer |
| 2:36 | Wisp |
| 2:59 | Archer |
| 3:04 | Ancient of Wonders |
| 3:16 | Wisp |
| 3:31 | Archer |
| 3:39 | Wisp |
| 3:39 | Wisp |
| 4:05 | Ancient of War |
| 4:10 | Moon Well |
| 4:14 | Moon Well |
| 5:17 | Entangling Roots |
| 5:24 | Huntress |
| 5:24 | Huntress |
| 5:57 | Archer |
| 6:06 | Huntress |
| 6:09 | Strength of the Moon |
| 6:30 | Huntress |
| 6:35 | Tree of Ages |
| 6:43 | Ancient Protector |
| 7:47 | Huntress |
| 8:37 | Huntress |
| 9:33 | Wisp |
| 9:34 | Wisp |
| 9:52 | Ancient of Lore |
| 10:21 | Entangling Roots |
| 10:32 | Trueshot Aura |
| 10:54 | Moon Well |
| 11:00 | Moon Glaive |
| 11:02 | Huntress |
| 11:02 | Huntress |
| 11:02 | Huntress |
| 11:24 | Druid of the Claw |
| 11:24 | Mountain Giant |
| 11:42 | Improved Strength of the Moon |
| 11:48 | Moon Well |
| 12:32 | Tree of Eternity |
| 13:39 | Tree of Life |
| 13:52 | Druid of the Claw |
| Right click | 575 |
| Select | 191 |
| Build/train/purchase | 47 |
| Select group | 42 |
| Use ability | 20 |
| Assign group | 11 |
| Remove unit | 3 |
| Minimap ping | 2 |


| Wisp | 14 | 840 | / | 0 |
| Archer | 13 | 1690 | / | 130 |
| Hippogryph | 7 | 1120 | / | 140 |
| total: | 34 | 3650g | / | 270w |
| Altar of Elders | 1 | 180 | / | 50 |
| Moon Well | 7 | 1260 | / | 280 |
| Ancient of War | 2 | 300 | / | 120 |
| Hunter's Hall | 1 | 210 | / | 100 |
| Tree of Life | 1 | 340 | / | 185 |
| Ancient of Wind | 3 | 450 | / | 420 |
| Tree of Ages | 1 | 320 | / | 180 |
| Tree of Eternity | 2 | 660 | / | 400 |
| total: | 15 | 2740g | / | 1155w |
| 0:08 | Wisp |
| 0:22 | Altar of Elders |
| 0:23 | Moon Well |
| 0:24 | Ancient of War |
| 0:24 | Wisp |
| 0:40 | Wisp |
| 0:54 | Wisp |
| 1:08 | Wisp |
| 1:25 | Archer |
| 1:26 | Wisp |
| 1:43 | Moon Well |
| 1:48 | Wisp |
| 1:48 | Wisp |
| 2:05 | Archer |
| 2:20 | Force of Nature |
| 2:37 | Archer |
| 2:46 | Tree of Ages |
| 3:04 | Archer |
| 3:51 | Archer |
| 4:09 | Entangling Roots |
| 4:17 | Archer |
| 4:27 | Moon Well |
| 4:29 | Moon Well |
| 5:09 | Archer |
| 5:17 | Hunter's Hall |
| 5:19 | Entangling Roots |
| 5:27 | Wisp |
| 5:27 | Wisp |
| 5:27 | Wisp |
| 5:27 | Wisp |
| 5:34 | Ancient of Wind |
| 5:35 | Ancient of War |
| 5:37 | Ancient of Wind |
| 5:42 | Ancient of Wind |
| 5:43 | Wisp |
| 5:43 | Wisp |
| 6:21 | Improved Bows |
| 7:51 | Archer |
| 7:55 | Hippogryph |
| 7:56 | Hippogryph |
| 7:57 | Strength of the Moon |
| 8:20 | Archer |
| 8:23 | Archer |
| 8:25 | Hippogryph |
| 8:55 | Acid Bomb |
| 9:05 | Archer |
| 9:09 | Moon Well |
| 9:11 | Improved Strength of the Moon |
| 10:04 | Hippogryph |
| 10:04 | Hippogryph |
| 10:11 | Ultravision |
| 10:43 | Hippogryph |
| 11:02 | Archer |
| 12:07 | Moon Well |
| 12:07 | Moon Well |
| 12:09 | Moon Armor |
| 13:14 | Hippogryph |
| 13:15 | Archer |
| 13:22 | Force of Nature |
| 13:37 | Tree of Life |
| 14:24 | Tree of Eternity |
| 14:31 | Improved Moon Armor |
| Right click | 721 |
| Select group | 531 |
| Select | 362 |
| Misc. action | 210 |
| Build/train/purchase | 67 |
| Assign group | 65 |
| Use ability | 20 |
| Chat | 7 |
| Minimap ping | 2 |



| Rod of Necromancy | 1 | 150 |
| Orb of Corruption | 1 | 375 |
| Scroll of Town Portal | 3 | 1050 |
| total: | 5 | 1575g |
| Acolyte | 8 | 600 | / | 0 |
| Ghoul | 3 | 360 | / | 0 |
| Crypt Fiend | 6 | 1290 | / | 240 |
| Obsidian Statue | 4 | 800 | / | 140 |
| total: | 21 | 3050g | / | 380w |
| Nerubian Tower | 1 | 100 | / | 20 |
| Spirit Tower | 2 | 290 | / | 80 |
| Crypt | 1 | 200 | / | 50 |
| Graveyard | 1 | 215 | / | 0 |
| Altar of Darkness | 1 | 180 | / | 50 |
| Ziggurat | 7 | 1050 | / | 350 |
| Tomb of Relics | 1 | 130 | / | 30 |
| Necropolis | 1 | 225 | / | 0 |
| Slaughterhouse | 1 | 140 | / | 135 |
| Halls of the Dead | 1 | 320 | / | 210 |
| Black Citadel | 1 | 325 | / | 230 |
| total: | 13 | 2140g | / | 615w |
| 0:04 | Acolyte |
| 0:05 | Acolyte |
| 0:10 | Crypt |
| 0:26 | Graveyard |
| 0:47 | Altar of Darkness |
| 0:56 | Ziggurat |
| 1:14 | Ghoul |
| 1:31 | Tomb of Relics |
| 1:57 | Crypt Fiend |
| 2:04 | Ziggurat |
| 2:25 | Crypt Fiend |
| 2:42 | Nerubian Tower |
| 2:57 | Rod of Necromancy |
| 3:02 | Ghoul |
| 3:14 | Death Coil |
| 3:20 | Crypt Fiend |
| 3:54 | Crypt Fiend |
| 4:26 | Halls of the Dead |
| 4:31 | Ghoul |
| 4:34 | Ziggurat |
| 4:46 | Unholy Aura |
| 4:58 | Creature Attack |
| 5:23 | Death Coil |
| 5:56 | Creature Carapace |
| 6:53 | Slaughterhouse |
| 6:58 | Acolyte |
| 7:02 | Web |
| 8:00 | Necropolis |
| 8:07 | Obsidian Statue |
| 8:08 | Obsidian Statue |
| 8:11 | Ziggurat |
| 8:19 | Frost Nova |
| 8:56 | Black Citadel |
| 9:05 | Scroll of Town Portal |
| 9:25 | Crypt Fiend |
| 9:59 | Crypt Fiend |
| 10:29 | Unholy Aura |
| 10:42 | Acolyte |
| 10:42 | Acolyte |
| 10:42 | Acolyte |
| 10:42 | Acolyte |
| 11:14 | Obsidian Statue |
| 11:14 | Obsidian Statue |
| 11:18 | Orb of Corruption |
| 11:58 | Ziggurat |
| 12:01 | Ziggurat |
| 12:03 | Ziggurat |
| 12:16 | Acolyte |
| 12:54 | Spirit Tower |
| 13:13 | Destroyer Form |
| 13:14 | Spirit Tower |
| 13:28 | Improved Creature Attack |
| 13:46 | Carrion Swarm |
| 13:56 | Scroll of Town Portal |
| 14:45 | Scroll of Town Portal |
| Right click | 925 |
| Select group | 521 |
| Select | 244 |
| Build/train/purchase | 54 |
| Use ability | 22 |
| Assign group | 21 |
| Minimap ping | 11 |
| Chat | 9 |
| Resource trade | 4 |
| Item give/drop | 1 |
| Remove unit | 1 |



| Ivory Tower | 2 | 80 |
| Scroll of Town Portal | 1 | 350 |
| total: | 3 | 430g |
| Peasant | 16 | 1200 | / | 0 |
| Footman | 3 | 405 | / | 0 |
| Rifleman | 4 | 820 | / | 120 |
| Knight | 3 | 735 | / | 180 |
| Siege Engine | 9 | 1755 | / | 540 |
| Priest | 2 | 270 | / | 20 |
| Goblin Zeppelin | 1 | 240 | / | 60 |
| total: | 38 | 5425g | / | 920w |
| Scout Tower | 4 | 120 | / | 80 |
| Guard Tower | 5 | 350 | / | 250 |
| Farm | 11 | 880 | / | 220 |
| Lumber Mill | 1 | 120 | / | 0 |
| Altar of Kings | 1 | 180 | / | 50 |
| Barracks | 1 | 160 | / | 60 |
| Blacksmith | 1 | 140 | / | 60 |
| Arcane Vault | 1 | 130 | / | 30 |
| Town Hall | 3 | 1155 | / | 615 |
| Workshop | 1 | 140 | / | 140 |
| Arcane Sanctum | 1 | 150 | / | 140 |
| Keep | 1 | 320 | / | 210 |
| Castle | 1 | 360 | / | 210 |
| total: | 25 | 3175g | / | 1395w |
| 0:05 | Peasant |
| 0:05 | Peasant |
| 0:06 | Peasant |
| 0:06 | Peasant |
| 0:06 | Peasant |
| 0:06 | Peasant |
| 0:06 | Peasant |
| 0:26 | Farm |
| 0:55 | Lumber Mill |
| 1:00 | Peasant |
| 1:03 | Altar of Kings |
| 1:09 | Peasant |
| 1:10 | Peasant |
| 1:10 | Peasant |
| 1:10 | Peasant |
| 1:18 | Farm |
| 1:40 | Barracks |
| 1:52 | Peasant |
| 1:53 | Peasant |
| 2:02 | Farm |
| 2:44 | Farm |
| 2:49 | Footman |
| 2:49 | Footman |
| 3:03 | Peasant |
| 3:03 | Peasant |
| 3:09 | Storm Bolt |
| 3:33 | Farm |
| 3:39 | Footman |
| 3:45 | Keep |
| 4:13 | Blacksmith |
| 4:25 | Arcane Vault |
| 5:17 | Bash |
| 5:31 | Farm |
| 5:33 | Rifleman |
| 5:43 | Town Hall |
| 5:47 | Town Hall |
| 6:35 | Castle |
| 7:16 | Iron Forged Swords |
| 7:19 | Workshop |
| 7:22 | Arcane Sanctum |
| 7:41 | Holy Light |
| 8:03 | Improved Lumber Harvesting |
| 9:07 | Knight |
| 9:07 | Knight |
| 9:09 | Barrage |
| 9:09 | Siege Engine |
| 9:31 | Priest Adept Training |
| 9:32 | Priest |
| 9:32 | Priest |
| 9:35 | Farm |
| 9:37 | Siege Engine |
| 9:39 | Black Gunpowder |
| 9:46 | Animal War Training |
| 9:52 | Scout Tower |
| 9:57 | Ivory Tower |
| 9:57 | Ivory Tower |
| 10:04 | Scout Tower |
| 10:11 | Sundering Blades |
| 10:12 | Knight |
| 10:22 | Guard Tower |
| 10:27 | Scout Tower |
| 10:29 | Guard Tower |
| 10:33 | Guard Tower |
| 10:37 | Scout Tower |
| 10:40 | Farm |
| 10:43 | Refined Gunpowder |
| 11:02 | Guard Tower |
| 11:08 | Guard Tower |
| 11:16 | Scroll of Town Portal |
| 11:23 | Farm |
| 11:29 | Studded Leather Armor |
| 11:29 | Reinforced Leather Armor |
| 11:43 | Siege Engine |
| 11:43 | Siege Engine |
| 11:50 | Priest Master Training |
| 11:54 | Magic Sentry |
| 12:19 | Goblin Zeppelin |
| 12:32 | Farm |
| 12:46 | Storm Bolt |
| 13:03 | Divine Shield |
| 13:19 | Farm |
| 13:21 | Dragonhide Armor |
| 13:22 | Iron Plating |
| 14:19 | Town Hall |
| 14:37 | Siege Engine |
| 14:37 | Siege Engine |
| 14:37 | Siege Engine |
| 14:41 | Summon Water Elemental |
| 15:24 | Rifleman |
| 15:25 | Rifleman |
| 15:25 | Rifleman |
| 15:44 | Siege Engine |
| 15:44 | Siege Engine |
| Select | 228 |
| Right click | 221 |
| Build/train/purchase | 73 |
| Use ability | 24 |
| Misc. action | 10 |
| Chat | 10 |
| Resource trade | 5 |
| Minimap ping | 2 |
117 units @ 18.9k
/ 3.2k
66 buildings @ 11.9k
/ 6k

| Wisp | 14 | 840 | / | 0 |
| Chimaera | 13 | 4290 | / | 910 |
| total: | 27 | 5130g | / | 910w |
| Altar of Elders | 1 | 180 | / | 50 |
| Moon Well | 8 | 1440 | / | 320 |
| Hunter's Hall | 1 | 210 | / | 100 |
| Tree of Life | 3 | 1020 | / | 555 |
| Ancient of Wonders | 1 | 90 | / | 30 |
| Ancient of Lore | 1 | 155 | / | 145 |
| Chimaera Roost | 3 | 420 | / | 570 |
| Tree of Ages | 2 | 640 | / | 360 |
| Tree of Eternity | 1 | 330 | / | 200 |
| total: | 18 | 3515g | / | 1770w |
| 0:06 | Wisp |
| 0:06 | Wisp |
| 0:06 | Wisp |
| 0:06 | Wisp |
| 0:06 | Wisp |
| 0:15 | Altar of Elders |
| 0:33 | Moon Well |
| 0:38 | Wisp |
| 1:10 | Wisp |
| 1:25 | Moon Well |
| 1:58 | Wisp |
| 1:59 | Wisp |
| 2:32 | Tree of Ages |
| 2:42 | Force of Nature |
| 3:22 | Hunter's Hall |
| 3:44 | Moon Well |
| 3:45 | Moon Well |
| 4:51 | Strength of the Wild |
| 4:52 | Reinforced Hides |
| 4:54 | Tree of Eternity |
| 5:04 | Thorns Aura |
| 5:32 | Moon Well |
| 5:34 | Moon Well |
| 5:35 | Moon Well |
| 5:36 | Moon Well |
| 6:31 | Tree of Life |
| 7:33 | Chimaera Roost |
| 7:48 | Chimaera Roost |
| 7:50 | Wisp |
| 7:50 | Wisp |
| 7:51 | Wisp |
| 8:10 | Tree of Life |
| 8:50 | Strength of the Moon |
| 8:52 | Wisp |
| 8:52 | Wisp |
| 9:10 | Corrosive Breath |
| 9:10 | Chimaera |
| 9:19 | Chimaera |
| 9:19 | Chimaera |
| 9:46 | Chimaera |
| 9:47 | Chimaera |
| 9:56 | Chimaera Roost |
| 10:23 | Thorns Aura |
| 10:45 | Improved Strength of the Wild |
| 11:02 | Ancient of Lore |
| 11:08 | Chimaera |
| 11:33 | Chimaera |
| 11:33 | Chimaera |
| 12:26 | Chimaera |
| 12:26 | Chimaera |
| 12:31 | Abolish Magic |
| 12:55 | Chimaera |
| 13:26 | Advanced Strength of the Wild |
| 14:58 | Ancient of Wonders |
| 15:22 | Tree of Life |
| 16:06 | Chimaera |
| 16:06 | Chimaera |
| Right click | 281 |
| Select | 169 |
| Select group | 47 |
| Build/train/purchase | 44 |
| Use ability | 16 |
| Assign group | 4 |
| Resource trade | 4 |
| Remove unit | 1 |
| Minimap ping | 1 |

| Orb of Corruption | 1 | 375 |
| Potion of Healing | 1 | 150 |
| total: | 2 | 525g |
| Acolyte | 7 | 525 | / | 0 |
| Ghoul | 13 | 1560 | / | 0 |
| Frost Wyrm | 10 | 3850 | / | 1200 |
| total: | 30 | 5935g | / | 1200w |
| Nerubian Tower | 3 | 300 | / | 60 |
| Spirit Tower | 5 | 725 | / | 200 |
| Ziggurat | 9 | 1350 | / | 450 |
| Altar of Darkness | 1 | 180 | / | 50 |
| Graveyard | 1 | 215 | / | 0 |
| Crypt | 1 | 200 | / | 50 |
| Tomb of Relics | 1 | 130 | / | 30 |
| Sacrificial Pit | 1 | 75 | / | 150 |
| Boneyard | 4 | 700 | / | 800 |
| Halls of the Dead | 1 | 320 | / | 210 |
| Black Citadel | 1 | 325 | / | 230 |
| total: | 18 | 2850g | / | 1530w |
| 0:07 | Acolyte |
| 0:12 | Ziggurat |
| 0:15 | Altar of Darkness |
| 0:22 | Acolyte |
| 0:48 | Graveyard |
| 1:10 | Crypt |
| 1:54 | Acolyte |
| 1:55 | Nerubian Tower |
| 2:15 | Ziggurat |
| 2:18 | Vampiric Aura |
| 2:20 | Ghoul |
| 2:20 | Ghoul |
| 2:21 | Ghoul |
| 2:21 | Ghoul |
| 2:35 | Tomb of Relics |
| 3:04 | Ziggurat |
| 3:33 | Ghoul |
| 3:33 | Ghoul |
| 3:33 | Ghoul |
| 3:40 | Halls of the Dead |
| 4:43 | Ziggurat |
| 4:46 | Ghoul |
| 4:46 | Ghoul |
| 4:46 | Ghoul |
| 4:46 | Ghoul |
| 4:46 | Ghoul |
| 4:47 | Ghoul |
| 5:14 | Carrion Swarm |
| 5:31 | Nerubian Tower |
| 5:32 | Spirit Tower |
| 6:24 | Sacrificial Pit |
| 6:26 | Black Citadel |
| 6:54 | Ziggurat |
| 7:59 | Spirit Tower |
| 8:48 | Acolyte |
| 8:48 | Acolyte |
| 8:48 | Acolyte |
| 8:49 | Acolyte |
| 9:05 | Boneyard |
| 9:09 | Boneyard |
| 9:12 | Boneyard |
| 9:40 | Ziggurat |
| 9:42 | Ziggurat |
| 9:47 | Ziggurat |
| 10:39 | Frost Wyrm |
| 10:44 | Orb of Corruption |
| 10:47 | Potion of Healing |
| 10:49 | Vampiric Aura |
| 10:53 | Spirit Tower |
| 10:55 | Nerubian Tower |
| 10:56 | Spirit Tower |
| 11:04 | Boneyard |
| 11:34 | Ziggurat |
| 11:41 | Frost Wyrm |
| 12:04 | Creature Carapace |
| 12:06 | Creature Attack |
| 12:19 | Freezing Breath |
| 12:23 | Frost Wyrm |
| 12:32 | Spirit Tower |
| 13:06 | Frost Wyrm |
| 13:39 | Frost Wyrm |
| 13:57 | Frost Wyrm |
| 14:52 | Frost Wyrm |
| 15:30 | Carrion Swarm |
| 15:45 | Frost Wyrm |
| 15:45 | Frost Wyrm |
| 16:00 | Frost Wyrm |
| Chat | 250 |
| Right click | 167 |
| Select | 156 |
| Select group | 128 |
| Build/train/purchase | 51 |
| Misc. action | 21 |
| Use ability | 12 |
| Minimap ping | 10 |
| Assign group | 7 |
| Remove unit | 1 |
⇛
TALONSARIMBA
(32)
(16:09) : 

| Potion of Mana | 2 | 400 |
| Lesser Clarity Potion | 1 | 70 |
| Orb of Venom | 1 | 325 |
| Scroll of Town Portal | 1 | 350 |
| total: | 5 | 1145g |
| Wisp | 22 | 1320 | / | 0 |
| Archer | 8 | 1040 | / | 80 |
| Dryad | 3 | 435 | / | 180 |
| Mountain Giant | 2 | 700 | / | 200 |
| Goblin Shredder | 1 | 375 | / | 100 |
| total: | 36 | 3870g | / | 560w |
| Ancient Protector | 1 | 135 | / | 80 |
| Altar of Elders | 1 | 180 | / | 50 |
| Moon Well | 6 | 1080 | / | 240 |
| Ancient of War | 1 | 150 | / | 60 |
| Tree of Life | 4 | 1360 | / | 740 |
| Ancient of Wonders | 1 | 90 | / | 30 |
| Hunter's Hall | 1 | 210 | / | 100 |
| Ancient of Lore | 2 | 310 | / | 290 |
| Tree of Ages | 1 | 320 | / | 180 |
| Tree of Eternity | 1 | 330 | / | 200 |
| total: | 17 | 3515g | / | 1590w |
| 0:06 | Altar of Elders |
| 0:08 | Moon Well |
| 0:08 | Wisp |
| 0:24 | Ancient of War |
| 0:27 | Wisp |
| 0:28 | Wisp |
| 0:41 | Wisp |
| 0:58 | Wisp |
| 1:12 | Wisp |
| 1:24 | Archer |
| 1:28 | Wisp |
| 1:43 | Wisp |
| 1:45 | Moon Well |
| 1:50 | Archer |
| 2:07 | Force of Nature |
| 2:38 | Archer |
| 2:59 | Archer |
| 3:09 | Tree of Life |
| 3:18 | Tree of Life |
| 3:27 | Wisp |
| 3:28 | Wisp |
| 4:06 | Tree of Ages |
| 4:09 | Entangling Roots |
| 4:28 | Archer |
| 5:06 | Archer |
| 5:21 | Archer |
| 5:31 | Entangling Roots |
| 5:35 | Goblin Shredder |
| 5:50 | Wisp |
| 5:50 | Wisp |
| 5:50 | Wisp |
| 5:50 | Wisp |
| 5:51 | Wisp |
| 6:06 | Moon Well |
| 6:08 | Ancient of Wonders |
| 7:00 | Hunter's Hall |
| 7:36 | Trueshot Aura |
| 7:42 | Tree of Eternity |
| 7:43 | Archer |
| 8:18 | Potion of Mana |
| 8:51 | Ancient of Lore |
| 8:53 | Ancient of Lore |
| 9:12 | Moon Well |
| 9:22 | Potion of Mana |
| 9:42 | Strength of the Wild |
| 10:15 | Dryad |
| 10:54 | Tree of Life |
| 11:09 | Lesser Clarity Potion |
| 11:11 | Orb of Venom |
| 11:13 | Dryad |
| 11:27 | Ancient Protector |
| 11:30 | Wisp |
| 11:30 | Wisp |
| 11:31 | Wisp |
| 11:31 | Wisp |
| 11:34 | Moon Well |
| 11:35 | Moon Well |
| 11:44 | Dryad |
| 11:48 | Reinforced Hides |
| 11:55 | Wisp |
| 12:25 | Wisp |
| 12:58 | Hardened Skin |
| 12:59 | Resistant Skin |
| 13:05 | Wisp |
| 13:39 | Scroll of Town Portal |
| 13:52 | Searing Arrows |
| 14:26 | Tree of Life |
| 14:39 | Mountain Giant |
| 14:40 | Improved Reinforced Hides |
| 15:30 | Trueshot Aura |
| 15:56 | Mountain Giant |
| Right click | 1226 |
| Select | 518 |
| Select group | 390 |
| Chat | 189 |
| Misc. action | 141 |
| Build/train/purchase | 75 |
| Use ability | 51 |
| Assign group | 18 |
| Resource trade | 12 |
| Minimap ping | 8 |
| Esc | 1 |


| Rod of Necromancy | 1 | 150 |
| Orb of Corruption | 1 | 375 |
| total: | 2 | 525g |
| Acolyte | 3 | 225 | / | 0 |
| Ghoul | 7 | 840 | / | 0 |
| Crypt Fiend | 10 | 2150 | / | 400 |
| Obsidian Statue | 4 | 800 | / | 140 |
| total: | 24 | 4015g | / | 540w |
| Nerubian Tower | 1 | 100 | / | 20 |
| Spirit Tower | 6 | 870 | / | 240 |
| Graveyard | 1 | 215 | / | 0 |
| Crypt | 1 | 200 | / | 50 |
| Altar of Darkness | 1 | 180 | / | 50 |
| Ziggurat | 5 | 750 | / | 250 |
| Tomb of Relics | 1 | 130 | / | 30 |
| Slaughterhouse | 1 | 140 | / | 135 |
| Sacrificial Pit | 1 | 75 | / | 150 |
| Boneyard | 2 | 350 | / | 400 |
| Halls of the Dead | 2 | 640 | / | 420 |
| Black Citadel | 1 | 325 | / | 230 |
| total: | 13 | 2040g | / | 1065w |
| 0:04 | Acolyte |
| 0:08 | Graveyard |
| 0:09 | Crypt |
| 0:19 | Acolyte |
| 0:42 | Altar of Darkness |
| 0:58 | Ziggurat |
| 1:11 | Ghoul |
| 1:25 | Tomb of Relics |
| 1:49 | Crypt Fiend |
| 2:00 | Ziggurat |
| 2:10 | Nerubian Tower |
| 2:22 | Ghoul |
| 2:23 | Ghoul |
| 2:23 | Ghoul |
| 2:47 | Rod of Necromancy |
| 2:52 | Death Coil |
| 3:10 | Halls of the Dead |
| 3:31 | Crypt Fiend |
| 3:50 | Ziggurat |
| 4:09 | Crypt Fiend |
| 4:25 | Unholy Aura |
| 4:31 | Crypt Fiend |
| 5:46 | Slaughterhouse |
| 5:56 | Ziggurat |
| 6:40 | Black Citadel |
| 6:41 | Frost Nova |
| 6:59 | Obsidian Statue |
| 6:59 | Obsidian Statue |
| 7:26 | Ghoul |
| 7:26 | Ghoul |
| 7:27 | Ghoul |
| 9:15 | Sacrificial Pit |
| 9:18 | Ziggurat |
| 9:25 | Web |
| 9:59 | Orb of Corruption |
| 10:40 | Obsidian Statue |
| 10:40 | Obsidian Statue |
| 10:43 | Crypt Fiend |
| 10:43 | Crypt Fiend |
| 10:43 | Crypt Fiend |
| 10:45 | Crypt Fiend |
| 11:32 | Crypt Fiend |
| 11:44 | Crypt Fiend |
| 12:16 | Boneyard |
| 12:19 | Boneyard |
| 12:43 | Creature Attack |
| 12:56 | Creature Carapace |
| 13:06 | Spirit Tower |
| 13:22 | Spirit Tower |
| 13:35 | Spirit Tower |
| 13:50 | Spirit Tower |
| 14:06 | Acolyte |
| 14:23 | Death Coil |
| 15:14 | Frost Armor |
| 15:45 | Unholy Aura |
| 15:52 | Frost Nova |
| Right click | 262 |
| Select | 156 |
| Chat | 68 |
| Build/train/purchase | 56 |
| Select group | 32 |
| Use ability | 28 |
| Misc. action | 23 |
| Assign group | 13 |
| Item give/drop | 2 |